Map: Acid Plant LE

Players

ShoWTimE - Winner!

  • Race: Protoss Protoss
  • Spawn Location: 5:00

Kelazhur

  • Race: Terran Terran
  • Spawn Location: 11:00

Event: WCS Leipzig 2018

VOD

Have the link to the VOD?

Description

Time

  • Played on: Jan. 26, 2018, 12:32 p.m.
  • Length: 11:58

All games in this series

Show
View Real Time Build Order
Export as new Build Order

ShoWTimE Protoss - Winner!

Build Orders: 1 Gate Expand, Blink Stalkers, Zealot Archon 

Get SALT Encoding   

  12  0:00  Probe  
  13  0:12  Probe  
  14  0:18  Pylon  
  14  0:24  Probe (Chrono Boost)  
  15  0:37  Probe (Chrono Boost), Gateway  
  16  0:45  Probe (Chrono Boost)  
  16  0:46  Assimilator  
  17  0:51  Probe  
  18  1:03  Probe  
  19  1:15  Probe  
  20  1:23  Nexus  
  20  1:31  Cybernetics Core  
  20  1:34  Probe  
  21  1:40  Assimilator  
  21  1:46  Probe  
  22  1:51  Pylon  
  22  1:59  Probe  
  23  2:07  Adept (Chrono Boost)  
  23  2:10  Warp Gate  
  23  2:11  Probe  
  26  2:23  Probe  
  26  2:24  Twilight Council  
  26  2:27  Stalker (Chrono Boost)  
  29  2:35  Probe (Chrono Boost)  
  31  2:41  Probe (Chrono Boost)  
  32  2:45  Probe (Chrono Boost)  
  32  2:49  Probe (Chrono Boost), Stalker  
  32  2:50  Probe (Chrono Boost)  
  35  2:56  Blink (Chrono Boost)  
  36  3:00  Probe  
  36  3:02  Probe  
  38  3:12  Probe  
  39  3:13  Gateway  
  39  3:15  Probe  
  40  3:20  Gateway  
  40  3:24  Probe  
  41  3:27  Probe  
  41  3:32  Pylon  
  41  3:33  Assimilator  
  42  3:36  Probe  
  42  3:39  Probe  
  44  3:48  Probe  
  44  3:49  Robotics Facility  
  44  3:52  Probe  
  46  3:57  Pylon  
  46  4:00  Probe  
  47  4:07  Nexus  
  47  4:13  Probe  
  47  4:14  Probe  
  49  4:18  Stalker x2  
  49  4:23  Stalker  
  55  4:27  Probe  
  55  4:28  Probe  
  55  4:31  Pylon  
  57  4:39  Observer, Probe  
  57  4:40  Probe  
  57  4:41  Forge  
  57  4:45  Pylon  
  60  4:51  Probe  
  61  4:53  Probe  
  61  4:54  Stalker x2  
  61  4:56  Stalker  
  68  5:03  Probe  
  68  5:05  Probe  
  70  5:11  Observer  
  71  5:15  Probe  
  71  5:17  Probe  
  71  5:19  Protoss Ground Armor Level 1 (Chrono Boost)  
  71  5:20  Stalker x3  
  79  5:21  Probe  
  79  5:27  Probe  
  81  5:29  Probe  
  81  5:30  Charge (Chrono Boost)  
  81  5:34  Gateway  
  82  5:36  Gateway  
  82  5:39  Gateway  
  82  5:45  Gateway  
  82  5:48  Sentry x2, Gateway  
  86  5:53  Probe  
  87  5:59  Immortal, Pylon  
  91  6:12  Pylon  
  91  6:15  Zealot  
  91  6:16  Pylon  
  93  6:19  Pylon  
  93  6:30  Templar Archives, Zealot x3  
  99  6:35  Zealot  
  99  6:36  Zealot  
  99  6:38  Shield Battery  
  103  6:40  Shield Battery, Immortal  
  103  6:44  Pylon  
  103  6:45  Zealot x2  
  111  6:51  Zealot x4  
  119  6:56  Zealot x2, Pylon  
  119  6:57  Protoss Ground Weapons Level 1 (Chrono Boost)  
  123  7:09  Zealot x2  
  117  7:16  High Templar  
  117  7:17  Zealot x3  
  123  7:24  High Templar  
  123  7:25  Zealot, Pylon  
  123  7:26  Warp Prism  
  123  7:29  Archon  
  129  7:30  Pylon  
  129  7:36  Zealot x2, Pylon  
  133  7:41  Pylon  
  133  7:42  Stalker x2  
  133  7:43  Stalker, Pylon  
  139  7:48  Observer  
  139  7:54  Zealot x2  
  143  8:03  Pylon  
  142  8:07  Pylon  
  142  8:11  Zealot x6  
  153  8:15  Nexus  
  153  8:21  Pylon  
  153  8:24  High Templar x2  
  157  8:27  Archon  
  157  8:32  Zealot x4  
  157  8:33  Zealot  
  167  8:35  Zealot  
  166  8:52  Zealot x6  
  172  8:57  Zealot x2  
  165  9:14  Zealot x3  
  165  9:15  Zealot  
  165  9:26  Pylon  
  165  9:27  Pylon  
  165  9:42  Gateway  
  165  9:44  Pylon  
  165  9:45  Gateway  
  165  9:48  Gateway  
  165  9:49  Stalker x2  
  169  9:57  Gateway  
  169  9:58  Gateway  
  157  10:13  Pylon  
  155  10:22  Zealot  
  157  10:35  Stalker  
  151  10:41  Probe  
  151  10:42  Probe x2  
  150  10:48  Stalker x4  
  142  10:54  Probe  
  137  10:59  Probe x2  
  137  11:04  Stalker x3  
  141  11:13  Probe x3  
  140  11:23  Zealot x4  
  140  11:25  Probe  
  125  11:34  Zealot  
  125  11:35  Zealot x2  
  125  11:36  Probe x2  
  125  11:37  Probe  
  126  11:46  Zealot  
  126  11:47  Zealot x3  
  117  11:54  Pylon  
  117  11:55  Forge  
Show
View Real Time Build Order
Export as new Build Order

Kelazhur Terran 

Build Orders: MMM Bio 

Get SALT Encoding   

  12  0:00  SCV  
  13  0:13  SCV  
  14  0:17  Supply Depot  
  14  0:25  SCV  
  15  0:38  SCV  
  15  0:40  Barracks  
  16  0:44  Refinery  
  16  0:50  SCV  
  17  1:02  SCV  
  18  1:15  SCV  
  19  1:27  Orbital Command, Marine  
  20  1:39  Command Center  
  20  1:46  Barracks Reactor  
  20  1:51  Supply Depot  
  20  1:54  SCV  
  21  2:07  Barracks  
  21  2:09  SCV  
  22  2:21  SCV  
  22  2:22  Factory, Marine  
  24  2:25  Marine  
  25  2:30  Refinery  
  25  2:33  SCV  
  26  2:40  Marine  
  26  2:43  Marine  
  28  2:45  Bunker  
  28  2:48  SCV  
  29  2:56  Orbital Command  
  29  2:59  Barracks Tech Lab  
  29  3:02  SCV  
  30  3:06  Marine  
  30  3:07  Marine  
  32  3:16  SCV  
  32  3:18  Stimpack  
  33  3:22  SCV  
  33  3:25  Starport  
  33  3:26  Marine  
  35  3:29  Marine  
  35  3:31  Marine  
  35  3:33  SCV  
  37  3:36  SCV  
  37  3:41  Supply Depot, Factory Reactor  
  38  3:44  Marine  
  38  3:46  Marine  
  38  3:48  SCV  
  41  3:49  Marine  
  41  3:52  SCV  
  43  4:02  SCV  
  44  4:04  SCV  
  44  4:05  Supply Depot, Marine x2  
  44  4:07  Marine  
  48  4:10  Engineering Bay  
  48  4:14  SCV  
  48  4:16  SCV  
  50  4:23  Marine x2  
  52  4:26  Medivac  
  52  4:27  Medivac  
  52  4:28  Supply Depot, Factory Tech Lab  
  52  4:29  SCV  
  52  4:30  SCV  
  58  4:39  Supply Depot  
  58  4:41  SCV  
  58  4:42  Refinery  
  58  4:43  SCV  
  58  4:45  Marine x2  
  62  4:49  Siege Tank  
  65  4:54  SCV  
  65  4:55  SCV  
  65  4:57  Supply Depot  
  65  4:58  Marine  
  68  5:04  Marine x2  
  70  5:18  Barracks  
  70  5:19  Barracks  
  70  5:20  SCV, Barracks  
  71  5:23  Siege Tank  
  74  5:32  Supply Depot, Starport Reactor  
  74  5:33  SCV x2  
  74  5:34  Terran Infantry Weapons Level 1  
  76  5:36  Refinery, Marine x3  
  79  5:45  SCV x2  
  81  5:51  Supply Depot  
  81  5:55  Marine x2, Siege Tank  
  86  5:57  SCV  
  85  6:09  Medivac  
  84  6:14  Supply Depot  
  84  6:15  SCV, Liberator  
  84  6:16  SCV  
  86  6:20  Marine x4, Combat Shields  
  86  6:22  Marine  
  86  6:23  Marine x2  
  96  6:37  Marine x2  
  96  6:38  Supply Depot, Marine  
  96  6:39  Marine  
  100  6:40  Marine  
  101  6:48  SCV  
  101  6:51  Marine x2  
  102  6:55  Siege Tank  
  102  6:58  SCV  
  102  7:00  SCV  
  107  7:05  Command Center  
  98  7:09  Marine x2  
  100  7:16  SCV, Marine x2  
  100  7:17  Marine  
  100  7:18  Marine x2  
  100  7:20  Medivac x2  
  110  7:27  Armory, Marine x2  
  110  7:29  Terran Infantry Armor Level 1  
  112  7:34  Marine x2  
  112  7:36  SCV x2  
  116  7:42  Engineering Bay  
  116  7:45  Barracks Reactor  
  116  7:49  Factory Reactor  
  116  7:51  SCV  
  116  7:53  SCV  
  118  8:00  Supply Depot  
  118  8:02  Marine  
  118  8:03  Supply Depot  
  118  8:04  Supply Depot  
  119  8:09  Marine x2, Marauder x2  
  119  8:10  Supply Depot, Medivac  
  70  8:12  Medivac  
  124  8:16  SCV x2  
  128  8:20  Orbital Command  
  128  8:25  Marine x3  
  128  8:27  Marine  
  131  8:30  SCV  
  134  8:34  SCV  
  134  8:39  Supply Depot  
  134  8:40  Widow Mine x2  
  137  8:42  Marauder x2, Marine  
  137  8:43  Marine  
  137  8:44  Marine  
  141  8:50  SCV, Marine  
  141  8:51  Marine x2  
  125  9:00  Marine  
  125  9:01  Marine x2  
  117  9:03  Widow Mine, Marauder  
  117  9:04  Marauder  
  117  9:08  Marine x2  
  117  9:09  Marine  
  119  9:12  Orbital Command  
  113  9:17  Marine  
  113  9:29  Marine  
  113  9:30  Marauder  
  116  9:31  Marine x2  
  118  9:44  Supply Depot  
  118  10:00  Marine  
  118  10:02  Widow Mine  
  113  10:09  Marauder  
  112  10:16  Marine x3  
  115  10:24  Marine x2  
  110  10:37  Marine  
  110  10:38  Marine, Marauder  
  106  10:47  Marine  
  106  10:48  Marine x2  
  101  10:51  Orbital Command  
  101  10:53  Medivac x2, Marine  
  101  10:54  Marine  
  101  10:55  Marine  
  101  10:56  Marine  
  104  10:59  Marine  
  99  11:05  Marine  
  92  11:23  Marine  
  71  11:34  Marine x2  
  71  11:37  Marine x5  
Tags
 
Add a new tag
Caveats
  • Supply blocks, unpowered buildings, or Contaminate may cause inaccurate times.
  • Supply counts are checked every 10 seconds.